 Dungeon Crawl Stone Soup version 0.19-a0-82-gd3566c2 (webtiles) character file.

598105 Duffy the Wrestler (level 27, 0/179 HPs)
             Began as a Gargoyle Transmuter on May 14, 2016.
             Was the Champion of Cheibriados.
             Slain by a purple draconian
             ... wielding a +0 halberd
              (6 damage)
             ... on level 3 of the Realm of Zot.
             The game lasted 02:20:58 (68846 turns).

Duffy the Wrestler (Gargoyle Transmuter)           Turns: 68846, Time: 02:20:59

Health: 0/179      AC: 58    Str: 44    XL:     27
Magic:  41/42      EV: 27    Int: 31    God:    Cheibriados [******]
Gold:   6457       SH:  0    Dex: 25    Spells: 8 memorised, 19 levels left

rFire  + + +     SeeInvis +       - Unarmed
rCold  + . .     Gourm    .     n - +10 plate armour {MR+}
rNeg   + . .     Faith    +     (shield currently unavailable)
rPois  ∞         Spirit   .     P - +2 hat {SInv}
rElec  +         Dismiss  .     b - +2 cloak of Starlight {rElec rC+ EV+4 Stlth--}
rCorr  .         Reflect  .     (gloves currently unavailable)
SustAt +         Harm     .     H - +2 pair of boots {Stlth+}
MR     ++++.                    h - amulet of faith
Stlth  ..........               g - ring "Gooqost" {SustAt rF++ Str+4}
                                o - ring "Qicaesuede" {+Fly rF+ MP+9 Slay+3 SInv}

@: blade hands, flying, very slightly contaminated, very slow, incredibly
resistant to hostile enchantments, extremely unstealthy
A: big wings, horns 1, magic resistance 1, negative energy resistance 1,
electricity resistance, unbreathing, petrification resistance, rot immunity, AC
+20
a: Stop Flying, End Transformation, Bend Time, Temporal Distortion, Slouch, Step
From Time, Renounce Religion
}: 3/15 runes: barnacled, slimy, gossamer


You were on level 3 of the Realm of Zot.
You worshipped Cheibriados.
Cheibriados was exalted by your worship.
You were full.
You had blades for hands.
You visited 11 branches of the dungeon, and saw 55 of its levels.
You visited 1 ziggurat, and saw 9 of its levels.
You also visited: Labyrinth, Trove, Sewer, Bailey and Ice Cave.

You collected 8852 gold pieces.
You spent 2395 gold pieces at shops.


Innate Abilities, Weirdness & Mutations

You are resistant to torment.
Your stone body is resilient (AC +20).
You are immune to poison.
Your large and strong wings let you fly indefinitely.
You resist negative energy.
You are resistant to electric shocks.
You can survive without breathing.
You are immune to petrification.
You are immune to rotting.
You have a pair of small horns on your head.
You are resistant to hostile enchantments.


   Skills:
 - Level 20.0 Fighting
 - Level 18.0 Armour
 - Level 14.2 Dodging
 + Level 26.6 Unarmed Combat
 - Level 6.5 Spellcasting
 - Level 10.2 Charms
 - Level 9.0 Necromancy
 - Level 7.0 Translocations
 - Level 11.0 Transmutations
 - Level 6.8 Earth Magic
   Level 2.2 Poison Magic
 - Level 14.0 Invocations
 - Level 8.0 Evocations


You had 19 spell levels left.
You knew the following spells:

 Your Spells              Type           Power        Failure   Level  Hunger
a - Blade Hands           Trmt           ######....   32%         5    ####...
f - Apportation           Tloc           ######....   14%         1    None
g - Passage of Golubria   Tloc           N/A          45%         4    ##.....
j - Regeneration          Chrm/Necr      ######....   14%         3    None
s - Sticks to Snakes      Trmt           ######..     10%         2    None
B - Blink                 Tloc           N/A          17%         2    None
P - Passwall              Trmt/Erth      ######....   12%         2    None
S - Animate Skeleton      Necr           N/A          12%         1    None

Inventory:

Hand Weapons
 G - a +9 blowgun
Missiles
 i - 1673 arrows
 z - 12 throwing nets (quivered)
 Y - 8 curare-tipped needles
Armour
 b - the +2 cloak of Starlight (worn) {rElec rC+ EV+4 Stlth--}

   It affects your evasion (+4).
   It protects you from cold.
   It insulates you from electricity.
   It makes you much less stealthy.
 n - a +10 plate armour of magic resistance (worn)
 u - a +2 pair of gloves of dexterity (melded)
 H - a +2 pair of boots of stealth (worn)
 P - a +2 hat of see invisible (worn)
Jewellery
 g - the ring "Gooqost" (right scythe-like blade) {SustAt rF++ Str+4}

   [ring of sustain attributes]

   It sustains your strength, intelligence and dexterity.
   It affects your strength (+4).
   It greatly protects you from fire.
 h - an amulet of faith (around neck)
 o - the ring "Qicaesuede" (left scythe-like blade) {+Fly rF+ MP+9 Slay+3 SInv}

   [ring of flight]

   It affects your accuracy and damage with ranged weapons and melee attacks
   (+3).
   It protects you from fire.
   It affects your magic capacity (+9).
   It lets you see invisible.
   It lets you fly.
 F - the ring of Shadows {Umbra +Inv rN+ SInv}

   [ring of positive energy]

   It protects you from negative energy.
   It lets you see invisible.
   It lets you turn invisible.
 V - an uncursed ring of protection from magic
 W - the ring "Hafovel" {rElec rC+}

   [ring of protection from cold]

   It protects you from cold.
   It insulates you from electricity.
Wands
 a - a wand of teleportation (1/9)
 D - a wand of digging (10/24)
 K - a wand of disintegration (12/24)
 N - a wand of acid (8/15)
Scrolls
 c - 3 scrolls of holy word
 f - 3 scrolls of magic mapping
 j - 6 scrolls of teleportation
 t - 15 scrolls of recharging
 v - 28 scrolls of remove curse
 x - 2 scrolls of fear
 y - 13 scrolls of blinking
 A - a scroll of identify
 B - 5 scrolls of vulnerability
 C - 10 scrolls of fog
 J - 11 scrolls of immolation
 O - a scroll of enchant armour
 X - 6 scrolls of summoning
Potions
 e - 5 potions of invisibility
 k - 6 potions of magic
 l - 4 potions of might
 m - a potion of resistance
 w - 3 potions of agility
 E - 3 potions of cure mutation
 I - 8 potions of brilliance
 R - 6 potions of cancellation
 T - 19 potions of curing
 Z - 11 potions of heal wounds
Miscellaneous
 p - a box of beasts
 q - 2 phantom mirrors
 r - a lamp of fire
 s - a phial of floods
 M - a sack of spiders
 S - a fan of gales
Comestibles
 d - 10 bread rations
 L - 39 fruits
 U - 25 meat rations

Dungeon Overview and Level Annotations

Branches:
Dungeon (15/15)            Temple (1/1) D:6            Lair (8/8) D:10
 Shoals (4/4) Lair:5       Spider (4/4) Lair:6        Slime (6/6) Lair:8
    Orc (2/2) D:11            Elf (3/3) Orc:2        Vaults (4/5) D:13
  Crypt (0/3) Vaults:2     Depths (5/5) D:15            Zot (3/5) Depths:5

Altars:
Ashenzari
Cheibriados
Dithmenos
Elyvilon
Fedhas
Gozag
Kikubaaqudgha
Makhleb
Nemelex Xobeh
Okawaru
Pakellas
Qazlal
Ru
Sif Muna
Trog
Vehumet
Xom
Yredelemnul
Zin
The Shining One
Jiyva

Shops:
D:6 =   Orc:2 ([([   Shoals:4 *   Depths:3 *

Portals:
Hell: Depths:1 Depths:2 Depths:3 Depths:4 Depths:5
Abyss: Depths:2 Depths:4
Pandemonium: Depths:1 Depths:3 Depths:4

Annotations:
Elf:2 5 runed doors
Elf:3 exclusion: 2 doors


Message History

The bolt of lightning hits the storm dragon.
The storm dragon completely resists.
The bolt of lightning misses you. x2
The bolt of lightning hits the storm dragon.
The storm dragon completely resists.
The bolt of lightning hits the storm dragon.
The storm dragon completely resists.
The white draconian misses you.
The purple draconian closely misses you.
The storm dragon bites you but does no damage.
The storm dragon claws you but does no damage.
The storm dragon closely misses you.
You shred the storm dragon!!!!
You kill the storm dragon!
Cheibriados appreciates the change of pace.
The white draconian completely misses you.
You shred the storm dragon!!!!
You headbutt the storm dragon, but do no damage.
The storm dragon is almost dead.
The purple draconian completely misses you.
The storm dragon barely misses you. The storm dragon misses you.
The storm dragon completely misses you.
You completely miss the storm dragon. You headbutt the storm dragon!
You kill the storm dragon!
Cheibriados thoroughly appreciates the change of pace.
You shred the storm dragon!!!!
You headbutt the storm dragon, but do no damage.
The storm dragon is severely wounded.
The white draconian breathes frost at you.
The chilling blast hits you! You resist.
You are blown backwards by the freezing wind.
You slam into the rock wall!
The purple draconian closely misses you.
You shred the storm dragon!!!!
You kill the storm dragon!
Cheibriados thoroughly appreciates the change of pace.
You swing at nothing.
The white draconian hits you with a battleaxe of distortion!
Space warps horribly around you!
You shred the black draconian!!!!
You kill the black draconian!
Cheibriados thoroughly appreciates the change of pace.
The purple draconian completely misses you.
You shred the white draconian!!!!
You kill the white draconian!
Cheibriados appreciates the change of pace.
The white draconian breathes frost at you.
The chilling blast hits you! You resist.
You are blown backwards by the freezing wind.
You slam into the rock wall!
The purple draconian hits you with a halberd.
You die...

,,,,*** **,,,,,*
*,,**
************,>,,,,*
,,**
*,,,**,**,*,,,,,,,*
,**
*,,,*,,*,,,,,,,,,,*
,*
*,,,,,,,,*.......,*
**
*,,,***,**.......,*
*
*,,,*###*#......,,*
#..,##.# #.....,,,*
****
#...#@)###...#,,,,*
**,,*
*#...dd..#...#**,,*
*,,,* ###.........#
*,,* ***,,**
*#...........# *,,*
,,,***
*#.......)....#
*,,* ,,,,*
*#........%....#
*,,* ,,,,*
**..............#
*,,* *****
**,..............#
*,,* *
**,,,.............#
*,,*


You could see a purple draconian and a white draconian.

Action                   |  1- 3 |  4- 6 |  7- 9 | 10-12 | 13-15 | 16-18 | 19-21 | 22-24 | 25-27 || total
-------------------------+-------+-------+-------+-------+-------+-------+-------+-------+-------++-------
Melee: Unarmed           |   150 |   156 |   435 |   822 |  1199 |  1232 |  1198 |  1210 |   871 ||  7273
       Punch             |     1 |     1 |    17 |    62 |   115 |   176 |   169 |   165 |   129 ||   835
       Headbutt          |       |       |       |       |       |       |    44 |   353 |   334 ||   731
 Fire: Blowgun           |       |       |       |       |    10 |   100 |       |       |       ||   110
 Cast: Spider Form       |     2 |     2 |     9 |     5 |       |       |       |       |       ||    18
       Sticks to Snakes  |       |       |     3 |       |       |       |       |       |       ||     3
       Blade Hands       |       |       |       |       |    42 |    34 |    42 |    49 |    39 ||   206
       Passwall          |       |       |       |       |       |       |     7 |       |       ||     7
       Regeneration      |       |       |       |       |       |       |     5 |    21 |    23 ||    49
       Apportation       |       |       |       |       |       |       |       |       |     1 ||     1
Invok: Slouch            |       |       |       |     1 |       |     2 |     6 |     4 |     4 ||    17
       Temporal Distorti |       |       |       |       |     1 |    17 |     8 |       |       ||    26
 Abil: End Transformatio |       |       |       |       |     5 |     4 |    10 |     2 |     4 ||    25
       Fly               |       |       |       |       |     1 |       |       |       |     1 ||     2
Evoke: Wand              |       |       |       |     7 |       |       |     4 |     1 |     6 ||    18
  Use: Scroll            |       |       |    11 |    14 |    23 |    17 |     9 |     6 |    13 ||    93
       Potion            |       |       |     2 |     1 |     3 |     2 |     7 |       |     2 ||    17
 Stab: Sleeping          |     1 |       |       |     1 |     4 |       |       |       |       ||     6
       Paralysed         |       |       |       |     6 |       |       |       |       |       ||     6
       Distracted        |       |       |       |     1 |       |       |       |       |     1 ||     2
       Invisible         |       |       |       |       |     1 |     8 |       |       |       ||     9
  Eat: Fruit             |     5 |       |       |       |     7 |       |       |       |       ||    12
       Chunk             |       |     6 |    10 |    16 |    18 |    22 |    18 |    18 |       ||   108
       Bread ration      |       |       |     1 |     1 |       |       |     2 |     2 |     3 ||     9
       Beef jerky        |       |       |       |     2 |     4 |     6 |     1 |     2 |     5 ||    20
       Pizza             |       |       |       |     1 |     2 |       |     1 |       |     1 ||     5
       Royal jelly       |       |       |       |       |       |     1 |       |       |       ||     1
       Meat ration       |       |       |       |       |       |       |     1 |       |     1 ||     2
Armor: Robe              |    37 |    57 |   107 |   145 |       |       |       |       |       ||   346
       Skin              |     1 |       |    42 |     4 |       |       |       |       |       ||    47
       Ring mail         |       |       |       |    18 |    65 |       |       |       |       ||    83
       Chain mail        |       |       |       |   103 |    52 |       |       |       |       ||   155
       Leather armour    |       |       |       |       |    83 |       |       |       |       ||    83
       Plate armour      |       |       |       |       |   332 |   804 |   603 |   581 |   502 ||  2822
Dodge: Dodged            |    85 |   101 |   144 |   452 |   834 |  1422 |  1295 |  1593 |  1175 ||  7101
Block: Other             |       |    27 |    49 |    38 |   189 |   298 |    85 |       |       ||   686
       Reflection        |       |       |     7 |     2 |     3 |     8 |     8 |       |       ||    28

Notes
Turn   | Place    | Note
--------------------------------------------------------------
     0 | D:1      | Duffy the Gargoyle Transmuter began the quest for the Orb.
     0 | D:1      | Reached XP level 1. HP: 12/12 MP: 3/3
     3 | D:1      | Noticed an electric eel
     3 | D:1      | Noticed an electric eel
   192 | D:1      | Reached XP level 2. HP: 14/16 MP: 5/5
   196 | D:1      | Learned a level 2 spell: Sticks to Snakes
   484 | D:1      | Reached skill level 2 in Transmutations
  1464 | D:2      | Found a faded altar to an unknown god.
  1479 | D:2      | Reached XP level 3. HP: 14/20 MP: 6/6
  1608 | D:2      | Learned a level 3 spell: Spider Form
  1894 | D:2      | Reached skill level 1 in Poison Magic
  2244 | D:3      | Reached skill level 4 in Unarmed Combat
  2323 | D:3      | Reached XP level 4. HP: 23/25 MP: 0/7
  2465 | D:3      | Reached skill level 2 in Poison Magic
  2482 | D:3      | Reached XP level 5. HP: 19/29 MP: 8/8
  2896 | D:3      | Noticed Grinder
  2957 | D:3      | Paralysed by Grinder for 2 turns
  3515 | D:3      | Reached skill level 2 in Fighting
  3633 | D:4      | Reached skill level 5 in Unarmed Combat
  3823 | D:4      | Noticed a slave
  3823 | D:4      | Noticed a slave
  3825 | D:4      | Noticed Pikel
  3826 | D:4      | Noticed a slave
  3867 | D:4      | Noticed a slave
  3915 | D:3      | Killed Pikel
  3915 | D:3      | Reached skill level 7 in Unarmed Combat
  3915 | D:3      | Reached XP level 6. HP: 16/36 MP: 4/9
  3915 | D:3      | Reached XP level 7. HP: 18/40 MP: 4/10
  4366 | D:4      | Reached skill level 3 in Fighting
  4557 | D:4      | Noticed Stick's ghost (amateur DsIE)
  4625 | D:4      | Killed Stick's ghost
  4625 | D:4      | Reached skill level 4 in Fighting
  4625 | D:4      | Reached skill level 8 in Unarmed Combat
  4625 | D:4      | Reached XP level 8. HP: 18/48 MP: 3/11
  5327 | D:2      | Killed Grinder
  5439 | D:5      | Entered Level 5 of the Dungeon
  5472 | D:5      | Found a basalt altar of Yredelemnul.
  5529 | D:5      | Reached skill level 9 in Unarmed Combat
  5576 | D:5      | Reached skill level 5 in Fighting
  5816 | D:5      | Found a glowing drain.
  5823 | Sewer    | Entered a sewer
  6015 | Sewer    | Reached skill level 6 in Fighting
  6179 | Sewer    | Reached XP level 9. HP: 50/55 MP: 12/12
  6940 | D:6      | Reached skill level 7 in Fighting
  6945 | D:6      | Found an opulent altar of Gozag.
  6947 | D:6      | Found a snail-covered altar of Cheibriados.
  7040 | D:7      | Reached skill level 10 in Unarmed Combat
  7371 | D:7      | Found an oddly glowing altar of Pakellas.
  7371 | D:7      | Found a deep blue altar of Sif Muna.
  7796 | D:7      | Noticed an eight-headed hydra
  7819 | D:7      | Killed an eight-headed hydra
  7819 | D:7      | Reached skill level 8 in Fighting
  7828 | D:7      | Reached skill level 9 in Fighting
  7828 | D:7      | Reached skill level 11 in Unarmed Combat
  7828 | D:7      | Reached XP level 10. HP: 37/66 MP: 13/13
  8158 | D:6      | Became a worshipper of Cheibriados the Contemplative
  9218 | D:6      | Found a white marble altar of Elyvilon.
  9233 | D:6      | Found Jawoy's Jewellery Shoppe.
  9241 | D:6      | Bought a +2 ring of slaying for 252 gold pieces
  9256 | D:6      | Reached * piety under Cheibriados
  9564 | D:6      | Found a staircase to the Ecumenical Temple.
  9573 | Temple   | Entered the Ecumenical Temple
  9799 | D:6      | Reached ** piety under Cheibriados
 10452 | D:8      | Noticed Grum
 10733 | D:9      | Killed Grum
 10733 | D:9      | Reached skill level 10 in Fighting
 10752 | D:9      | Noticed a cyclops
 10808 | D:8      | Reached *** piety under Cheibriados
 11086 | D:8      | Noticed Psyche
 11095 | D:8      | Killed Psyche
 11095 | D:8      | Reached skill level 2 in Dodging
 11101 | D:8      | Reached skill level 12 in Unarmed Combat
 11515 | D:8      | Learned a level 5 spell: Blade Hands
 11869 | D:9      | Reached **** piety under Cheibriados
 11869 | D:9      | Reached skill level 3 in Dodging
 11901 | D:10     | Entered Level 10 of the Dungeon
 12214 | D:10     | Reached XP level 11. HP: 46/72 MP: 14/14
 12219 | D:10     | Reached skill level 4 in Dodging
 12466 | D:10     | Reached skill level 1 in Invocations
 12601 | D:10     | Reached skill level 2 in Invocations
 12627 | D:10     | Reached skill level 5 in Dodging
 12627 | D:10     | Reached skill level 3 in Invocations
 12848 | D:10     | Found a staircase to the Lair.
 12851 | D:10     | Reached ***** piety under Cheibriados
 13132 | D:10     | Reached skill level 4 in Invocations
 13318 | D:10     | Found a blossoming altar of Fedhas.
 13821 | D:9      | Noticed Erolcha
 13830 | D:9      | Killed Erolcha
 13830 | D:9      | Reached skill level 5 in Invocations
 13946 | D:9      | Killed a cyclops
 13946 | D:9      | Reached skill level 6 in Dodging
 14107 | D:9      | Reached skill level 6 in Invocations
 14311 | Lair:1   | Entered Level 1 of the Lair of Beasts
 14311 | Lair:1   | Noticed Sonja
 14319 | Lair:1   | Killed Sonja
 14500 | Lair:1   | Reached skill level 7 in Invocations
 14510 | Lair:1   | Reached XP level 12. HP: 56/77 MP: 17/17
 14859 | Lair:1   | Reached ****** piety under Cheibriados
 14861 | Lair:1   | Reached skill level 8 in Invocations
 15234 | Lair:1   | Reached skill level 9 in Invocations
 15446 | Lair:1   | Noticed a four-headed hydra
 15453 | Lair:1   | Killed a four-headed hydra
 15497 | Lair:1   | Noticed Gastronok
 15507 | Lair:1   | Killed Gastronok
 15507 | Lair:1   | Reached skill level 3 in Spellcasting
 15507 | Lair:1   | Reached skill level 3 in Transmutations
 15776 | Lair:2   | Reached skill level 4 in Spellcasting
 15776 | Lair:2   | Reached skill level 4 in Transmutations
 16060 | Lair:2   | Got a crude granite ring
 16485 | Lair:2   | Learned a level 2 spell: Passwall
 16631 | Lair:2   | Noticed an eight-headed hydra
 16642 | Lair:2   | Killed an eight-headed hydra
 16798 | Lair:2   | Learned a level 1 spell: Apportation
 16855 | Lair:3   | Reached skill level 5 in Spellcasting
 16894 | Lair:3   | Reached skill level 5 in Transmutations
 17006 | Lair:3   | Identified the cursed ring "Celiytef" {Str-3 Stlth+} (You found it on level 2 of the Lair of Beasts)
 17433 | Lair:3   | Reached skill level 7 in Dodging
 17492 | Lair:3   | Noticed a four-headed hydra
 17499 | Lair:3   | Killed a four-headed hydra
 17499 | Lair:3   | Reached XP level 13. HP: 81/82 MP: 21/21
 17673 | Lair:3   | Reached skill level 6 in Transmutations
 17822 | Lair:3   | Found an oddly glowing altar of Pakellas.
 18805 | Lair:4   | Noticed Harold
 18819 | Lair:4   | Killed Harold
 19376 | Lair:4   | Reached skill level 7 in Transmutations
 19626 | Lair:5   | Found a labyrinth entrance.
 19636 | Lair:5   | Reached skill level 6 in Spellcasting
 19666 | Lab      | Entered a labyrinth
 20262 | Lab      | Noticed a minotaur
 20269 | Lab      | Killed a minotaur
 20273 | Lab      | Got a scorched plate armour
 20831 | Lair:5   | Found a staircase to the Shoals.
 21493 | Lair:6   | Identified the +2 plate armour of the Untouchables {*Drain Str+3 Slay+3} (You took it off a minotaur in a labyrinth)
 21616 | Lair:6   | Found a snail-covered altar of Cheibriados.
 21731 | Lair:6   | Reached skill level 13 in Unarmed Combat
 21733 | Lair:6   | Reached skill level 11 in Fighting
 21851 | Lair:6   | Got a fine leather armour
 21862 | Lair:6   | Identified the +5 leather armour "Zatie" {Str+2 Int+4 Dex-2} (You found it on level 6 of the Lair of Beasts)
 22367 | Lair:6   | Found a hole to the Spider Nest.
 22852 | D:11     | Gained mutation: Your large and strong wings let you fly indefinitely. [Gargoyle growth]
 22852 | D:11     | Reached XP level 14. HP: 70/90 MP: 17/23
 23142 | D:11     | Found a staircase to the Orcish Mines.
 23245 | D:11     | Reached skill level 12 in Fighting
 23647 | Orc:1    | Entered Level 1 of the Orcish Mines
 23653 | Orc:1    | Reached skill level 14 in Unarmed Combat
 23762 | Orc:1    | Reached skill level 1 in Armour
 23880 | Orc:2    | Entered Level 2 of the Orcish Mines
 23897 | Orc:2    | Reached skill level 2 in Armour
 24148 | Orc:1    | Reached skill level 3 in Armour
 24808 | Orc:2    | Reached skill level 4 in Armour
 25087 | Orc:2    | Found a staircase to the Elven Halls.
 25114 | Orc:2    | Reached skill level 5 in Armour
 25589 | Orc:2    | Reached skill level 6 in Armour
 25730 | Orc:2    | Reached skill level 7 in Armour
 26383 | Orc:2    | Found Tamnayt's Weapon Shoppe.
 26383 | Orc:2    | Found Xiess's Antique Armour Shoppe.
 26384 | Orc:2    | Found Loghux's Weapon Shoppe.
 26384 | Orc:2    | Found Jidghad's Antique Armour Emporium.
 26591 | Orc:2    | Bought a fine plate armour for 812 gold pieces
 26602 | Orc:2    | Identified the cursed +0 plate armour "Patyizod" {rF+++ MR+} (You bought it in a shop on level 2 of the Orcish Mines)
 27038 | D:6      | Bought the ring "Gooqost" {SustAt rF++ Str+4} for 604 gold pieces
 27277 | Lair:5   | Learned a level 2 spell: Blink
 27282 | Lair:5   | Learned a level 4 spell: Passage of Golubria
 27584 | Lair:7   | Reached skill level 8 in Transmutations
 27937 | Lair:7   | Reached skill level 15 in Unarmed Combat
 27937 | Lair:7   | Reached XP level 15. HP: 96/96 MP: 24/24
 28065 | Lair:7   | Gained mutation: Your mind is acute. (Int +2) [potion of beneficial mutation]
 28066 | Lair:7   | Gained mutation: You are covered in fur (AC +1). [potion of beneficial mutation]
 28499 | Lair:8   | Entered Level 8 of the Lair of Beasts
 28499 | Lair:8   | Found a viscous altar of Jiyva.
 28499 | Lair:8   | Found a staircase to the Slime Pits.
 28533 | Lair:8   | Found a frozen archway.
 28595 | IceCv    | Entered an ice cave
 28632 | IceCv    | Reached skill level 9 in Transmutations
 29433 | Lair:8   | Reached skill level 16 in Unarmed Combat
 29704 | Lair:8   | Reached skill level 10 in Transmutations
 30077 | Lair:8   | Reached skill level 8 in Armour
 30249 | Lair:8   | Reached XP level 16. HP: 81/101 MP: 25/25
 30939 | D:12     | Found a portal to a secret trove of treasure.
 30977 | D:12     | Reached skill level 9 in Armour
 30983 | D:12     | Found a flagged portal.
 30997 | Bailey   | Entered a bailey
 31806 | D:13     | Found a gate to the Vaults.
 31806 | D:13     | Noticed Donald
 31815 | D:13     | Killed Donald
 31825 | D:13     | Reached skill level 17 in Unarmed Combat
 31859 | D:13     | Reached skill level 10 in Armour
 32314 | D:13     | Reached skill level 8 in Dodging
 33648 | D:14     | Noticed a tengu reaver
 33658 | D:14     | Killed a tengu reaver
 33804 | D:14     | Reached skill level 9 in Dodging
 34194 | D:14     | Identified the Catalogue of Damaging Lightness (You found it on level 14 of the Dungeon)
 34780 | D:15     | Entered Level 15 of the Dungeon
 34899 | D:15     | Found a staircase to the Depths.
 34923 | D:15     | Reached skill level 10 in Dodging
 34923 | D:15     | Reached XP level 17. HP: 92/106 MP: 24/26
 35039 | D:15     | Noticed Rupert
 35052 | D:15     | Killed Rupert
 35052 | D:15     | Reached skill level 18 in Unarmed Combat
 35873 | D:15     | Reached skill level 11 in Dodging
 36428 | D:6      | Bought an uncursed ring of protection from cold for 300 gold pieces
 36687 | Spider:1 | Entered Level 1 of the Spider Nest
 36739 | Spider:1 | Noticed Josephine
 36745 | Spider:1 | Killed Josephine
 37258 | Spider:2 | Reached skill level 12 in Dodging
 37325 | Spider:2 | Noticed Kirke
 37339 | Spider:2 | Killed Kirke
 37459 | Spider:2 | Noticed Asterion
 37471 | Spider:2 | Killed Asterion
 38392 | Spider:3 | Reached skill level 13 in Dodging
 38402 | Spider:3 | Reached skill level 19 in Unarmed Combat
 38954 | Spider:4 | Entered Level 4 of the Spider Nest
 39062 | Spider:4 | Reached XP level 18. HP: 112/112 MP: 27/27
 39105 | Spider:4 | Noticed Arachne
 39112 | Spider:4 | Killed Arachne
 39247 | Spider:4 | Reached skill level 14 in Dodging
 39337 | Spider:4 | Noticed Nikola
 39683 | Spider:4 | Killed Nikola
 40963 | Spider:4 | Reached skill level 20 in Unarmed Combat
 41002 | Spider:4 | Got a gossamer rune of Zot
 41378 | Spider:1 | Reached skill level 1 in Translocations
 41454 | Shoals:1 | Entered Level 1 of the Shoals
 41469 | Shoals:1 | Reached skill level 2 in Translocations
 41695 | Shoals:1 | Reached skill level 3 in Translocations
 41918 | Shoals:1 | Reached skill level 4 in Translocations
 41918 | Shoals:1 | Reached XP level 19. HP: 104/117 MP: 28/28
 42931 | Shoals:2 | Reached skill level 5 in Translocations
 43029 | Shoals:2 | Reached skill level 13 in Fighting
 43048 | Shoals:2 | Got a fine lapis lazuli ring
 43548 | Shoals:3 | Reached skill level 6 in Translocations
 44499 | Shoals:4 | Entered Level 4 of the Shoals
 44561 | Shoals:4 | Reached skill level 7 in Translocations
 44621 | Shoals:4 | Reached skill level 1 in Earth Magic
 44696 | Shoals:4 | Found Bokk's Assorted Antiques.
 44705 | Shoals:4 | Bought a dazzling helmet for 427 gold pieces
 44724 | Shoals:4 | Identified the cursed +0 helmet of Fortitude {MP-9 Str+9} (You bought it in a shop on level 4 of the Shoals)
 44727 | Shoals:4 | Identified the ring "Hafovel" {rElec rC+} (You found it on level 2 of the Shoals)
 44776 | Shoals:4 | Reached skill level 2 in Earth Magic
 44796 | Shoals:4 | Reached skill level 3 in Earth Magic
 44897 | Shoals:4 | Reached skill level 4 in Earth Magic
 44934 | Shoals:4 | Reached skill level 5 in Earth Magic
 45009 | Shoals:4 | Learned a level 3 spell: Regeneration
 45011 | Shoals:4 | Learned a level 1 spell: Animate Skeleton
 45043 | Shoals:4 | Reached skill level 6 in Earth Magic
 45163 | Shoals:4 | Noticed Ilsuiw
 45168 | Shoals:4 | Reached skill level 1 in Charms
 45168 | Shoals:4 | Reached skill level 1 in Necromancy
 45170 | Shoals:4 | Reached skill level 2 in Necromancy
 45177 | Shoals:4 | Killed Ilsuiw
 45177 | Shoals:4 | Reached skill level 2 in Charms
 45579 | Shoals:4 | Reached skill level 3 in Charms
 45591 | Shoals:4 | Reached skill level 3 in Necromancy
 45820 | Shoals:4 | Got a barnacled rune of Zot
 46048 | Shoals:4 | Reached XP level 20. HP: 115/126 MP: 29/29
 46547 | Elf:1    | Entered Level 1 of the Elven Halls
 46592 | Elf:1    | Found a radiant altar of Vehumet.
 46597 | Elf:1    | Reached skill level 4 in Charms
 46743 | Elf:1    | Reached skill level 4 in Necromancy
 46950 | Elf:1    | Reached skill level 5 in Charms
 46965 | Elf:1    | Identified the Incunabulum of Conjuration (You found it on level 1 of the Elven Halls)
 47228 | Elf:1    | Reached skill level 5 in Necromancy
 47577 | Elf:1    | Identified Komemimp's Reference Book on Evil (You found it on level 1 of the Elven Halls)
 47710 | Elf:2    | Reached skill level 6 in Charms
 47933 | Elf:2    | Reached skill level 6 in Necromancy
 48195 | Elf:2    | Found a huge runed gate.
 48195 | Elf:2    | Found a huge runed gate.
 48195 | Elf:2    | Found a huge runed gate.
 48198 | Elf:2    | Found a huge runed gate.
 48203 | Elf:2    | Found a huge runed gate.
 48342 | Elf:3    | Entered Level 3 of the Elven Halls
 48371 | Elf:3    | Gained mutation: Your magical capacity is low (-10% MP). [a neqoxec]
 48503 | Elf:3    | Reached skill level 7 in Charms
 49202 | Elf:3    | Reached skill level 7 in Necromancy
 49606 | Slime:1  | Entered Level 1 of the Pits of Slime
 49647 | Slime:2  | Reached skill level 8 in Charms
 49692 | Slime:3  | Gained mutation: Potions and wands are less effective at restoring your health. [a shining eye]
 49692 | Slime:3  | Gained mutation: You are clumsy. (Dex -2) [a shining eye]
 49800 | Slime:4  | Noticed Dissolution
 49805 | Slime:4  | Killed Dissolution
 49805 | Slime:4  | Reached skill level 8 in Necromancy
 49887 | Slime:4  | Reached XP level 21. HP: 124/131 MP: 23/27
 49981 | Slime:5  | Reached skill level 9 in Charms
 50190 | Slime:5  | Gained mutation: You are frail (-10% HP). [a shining eye]
 50407 | Slime:4  | Found a viscous altar of Jiyva.
 50463 | Slime:6  | Entered Level 6 of the Pits of Slime
 50468 | Slime:6  | Paralysed by a giant eyeball for 4 turns
 50658 | Slime:5  | Reached skill level 9 in Necromancy
 50717 | Slime:6  | Found a viscous altar of Jiyva.
 50720 | Slime:6  | Noticed the Royal Jelly
 50724 | Slime:6  | Killed the Royal Jelly
 50724 | Slime:6  | Reached skill level 14 in Fighting
 50835 | Slime:6  | Got a twitching ivory ring
 50844 | Slime:6  | Identified the ring of Gykh {Ice rElec MR+++ Dex-4 Stlth+} (You found it on level 6 of the Pits of Slime)
 50879 | Slime:6  | Reached skill level 15 in Fighting
 51155 | Slime:6  | Got a slimy rune of Zot
 51157 | Slime:6  | Got an ancient granite ring
 51162 | Slime:6  | Identified the ring of Soenu {rC- MP+9 Int+3 Dex+5 Slay+1} (You found it on level 6 of the Pits of Slime)
 51321 | Lair:8   | Lost mutation: You are frail (-10% HP). [potion of cure mutation]
 51321 | Lair:8   | Lost mutation: Your magical capacity is low (-10% MP). [potion of cure mutation]
 51321 | Lair:8   | Lost mutation: You are clumsy. (Dex -2) [potion of cure mutation]
 51321 | Lair:8   | Lost mutation: Your mind is acute. (Int +2) [potion of cure mutation]
 51322 | Lair:8   | Lost mutation: Potions and wands are less effective at restoring your health. [potion of cure mutation]
 51322 | Lair:8   | Lost mutation: You are covered in fur (AC +1). [potion of cure mutation]
 51323 | Lair:8   | Gained mutation: You are resistant to hostile enchantments. [potion of beneficial mutation]
 51324 | Lair:8   | Gained mutation: You have a pair of small horns on your head. [potion of beneficial mutation]
 51536 | D:12     | You showed the slimy rune of Zot to enter a treasure trove
 51537 | Trove    | Entered a treasure trove
 51539 | Trove    | Found an oddly glowing altar of Pakellas.
 51689 | Vaults:1 | Entered Level 1 of the Vaults
 51806 | Vaults:1 | Reached skill level 10 in Charms
 51847 | Vaults:1 | Reached skill level 1 in Evocations
 51995 | Vaults:1 | Reached skill level 2 in Evocations
 52136 | Vaults:1 | Reached skill level 3 in Evocations
 52154 | Vaults:1 | Reached skill level 4 in Evocations
 52291 | Vaults:1 | Reached XP level 22. HP: 141/141 MP: 31/31
 52446 | Vaults:1 | Reached skill level 5 in Evocations
 53052 | Vaults:1 | Reached skill level 11 in Transmutations
 53276 | Vaults:3 | Reached skill level 6 in Evocations
 53422 | Vaults:3 | Reached skill level 10 in Invocations
 53549 | Vaults:4 | Reached skill level 7 in Evocations
 53608 | Vaults:4 | Noticed Jory
 53626 | Vaults:4 | Killed Jory
 54036 | Vaults:4 | Reached skill level 11 in Invocations
 54141 | Vaults:4 | Reached skill level 8 in Evocations
 54403 | Vaults:4 | Reached skill level 12 in Invocations
 54487 | Vaults:4 | Reached skill level 13 in Invocations
 54642 | Vaults:4 | Reached XP level 23. HP: 119/146 MP: 26/33
 54896 | Vaults:4 | Reached skill level 14 in Invocations
 55084 | Vaults:4 | Reached skill level 11 in Armour
 55447 | Vaults:3 | Reached skill level 12 in Armour
 55582 | Vaults:3 | Got a dazzling chain mail
 55583 | Vaults:3 | Identified the +7 chain mail of Cebapn {MR++ MP+9} (You found it on level 3 of the Vaults)
 56114 | Vaults:3 | Reached skill level 13 in Armour
 56443 | Vaults:2 | Noticed Mennas
 56458 | Vaults:2 | Killed Mennas
 56707 | Vaults:2 | Found a staircase to the Crypt.
 56714 | Vaults:2 | Reached skill level 14 in Armour
 58310 | Depths:1 | Entered Level 1 of the Depths
 58325 | Depths:1 | Reached skill level 15 in Armour
 58380 | Depths:1 | Found a one-way gate leading to the halls of Pandemonium.
 58455 | Depths:1 | Found a deep blue altar of Sif Muna.
 58485 | Depths:1 | Noticed the Enchantress
 58491 | Depths:1 | Killed the Enchantress
 58552 | Depths:1 | Got a faerie dragon armour
 58553 | Depths:1 | Identified the +4 faerie dragon armour {rF+} (You took it off the Enchantress on level 1 of the Depths)
 58842 | Depths:1 | Noticed Saint Roka
 58847 | Depths:1 | Found a gateway to Hell.
 58861 | Depths:1 | Killed Saint Roka
 58861 | Depths:1 | Reached skill level 16 in Armour
 58861 | Depths:1 | Reached XP level 24. HP: 70/152 MP: 28/33
 59793 | Depths:2 | Found a runed door.
 59928 | Depths:2 | Reached skill level 17 in Armour
 60659 | Depths:2 | Reached skill level 18 in Armour
 60752 | Depths:2 | Found a one-way gate to the infinite horrors of the Abyss.
 60956 | Depths:2 | Reached skill level 16 in Fighting
 61247 | Depths:3 | Noticed Aizul
 61252 | Depths:3 | Killed Aizul
 61312 | Depths:3 | Found a gateway to a ziggurat.
 61354 | Depths:3 | Noticed mrath's ghost (veteran MiFi)
 61365 | Depths:3 | Killed mrath's ghost
 61371 | Depths:3 | Reached skill level 21 in Unarmed Combat
 61486 | Depths:3 | Found Weduru Wacu's General Store.
 61554 | Depths:3 | Identified the Incunabulum of Malediction (You found it on level 3 of the Depths)
 62131 | Depths:3 | Reached skill level 17 in Fighting
 62386 | Zig:1    | Entered Level 1 of a ziggurat
 62397 | Zig:2    | Entered Level 2 of a ziggurat
 62400 | Zig:2    | Reached XP level 25. HP: 149/160 MP: 32/33
 62430 | Zig:3    | Entered Level 3 of a ziggurat
 62456 | Zig:4    | Entered Level 4 of a ziggurat
 62615 | Zig:5    | Entered Level 5 of a ziggurat
 62752 | Zig:6    | Entered Level 6 of a ziggurat
 62802 | Zig:7    | Entered Level 7 of a ziggurat
 62967 | Zig:8    | Entered Level 8 of a ziggurat
 63049 | Zig:8    | Identified the Volume of Poisoning and Heat (You found it on level 8 of a ziggurat)
 63054 | Zig:9    | Entered Level 9 of a ziggurat
 63082 | Zig:9    | Got a crude brass ring
 63339 | Depths:3 | Identified the ring of the Bull {*Tele rC+ Slay+3 Stlth+} (You found it on level 9 of a ziggurat)
 63551 | Depths:4 | Reached skill level 18 in Fighting
 63779 | Depths:4 | Noticed a juggernaut
 63783 | Depths:4 | Killed a juggernaut
 63808 | Depths:4 | Reached skill level 22 in Unarmed Combat
 64321 | Depths:5 | Entered Level 5 of the Depths
 64407 | Depths:5 | Noticed a juggernaut
 64412 | Depths:5 | Killed a juggernaut
 64491 | Depths:5 | Reached skill level 19 in Fighting
 64640 | Depths:5 | Found a gate to the Realm of Zot.
 64861 | Depths:5 | Reached XP level 26. HP: 171/172 MP: 33/33
 65439 | Zot:1    | Entered Level 1 of the Realm of Zot
 65852 | Zot:1    | Reached skill level 23 in Unarmed Combat
 65858 | Zot:1    | Reached skill level 20 in Fighting
 67074 | Zot:2    | Reached skill level 24 in Unarmed Combat
 67594 | Zot:2    | Noticed an orb of fire
 67601 | Zot:2    | Killed an orb of fire
 67817 | Zot:3    | Reached XP level 27. HP: 140/179 MP: 29/33
 67961 | Zot:3    | Reached skill level 25 in Unarmed Combat
 68097 | Zot:3    | Got a translucent glass ring
 68184 | Zot:3    | Identified the ring "Qumyull" {rC+ MR+ MP+9 Stlth-} (You found it on level 3 of the Realm of Zot)
 68187 | Zot:3    | Got a scorched turquoise ring
 68188 | Zot:3    | Identified the ring "Qicaesuede" {+Fly rF+ MP+9 Slay+3 SInv} (You found it on level 3 of the Realm of Zot)
 68405 | Zot:3    | Noticed an ancient lich
 68418 | Zot:3    | Killed an ancient lich
 68418 | Zot:3    | Reached skill level 26 in Unarmed Combat
 68811 | Zot:3    | Noticed an ancient lich
 68846 | Zot:3    | Slain by a purple draconian

Skill      XL: |  1  2  3  4  5  6  7  8  9 10 11 12 13 14 15 16 17 18 19 20 21 22 23 24 25 26 27 |
---------------+----------------------------------------------------------------------------------+-----
Transmutations | 2 5 7 8 10 11 | 11.0
Poison Magic   | 1 2 |  2.2
Unarmed Combat | 4 7 8 9 11 12 13 15 16 17 19 20 21 22 24 26 | 26.6
Fighting       | 2 4 6 9 10 11 12 13 15 17 19 20 | 20.0
Dodging        | 3 6 7 10 13 14 | 14.2
Invocations    | 7 9 13 14 | 14.0
Spellcasting   | 5 6 |  6.5
Armour         | 7 8 10 16 18 | 18.0
Translocations | 4 7 |  7.0
Earth Magic    | 6 |  6.8
Charms         | 3 8 10 | 10.2
Necromancy     | 3 8 9 |  9.0
Evocations     | 4 8 |  8.0

Vault maps used:
D:1:      arrival_aquarium_b
D:2:      first_bread, ecumenical_altar_2
D:3:      kennysheep_generic_room_9, uniq_grinder
D:4:      uniq_pikel
D:5:      portal_sewer_entry_e, basic_altar, serial_curves, eino_curves_03,
          eino_curves_02
D:6:      lemuel_ratsnest, nicolae_overflow_hidden_temple,
          minmay_temple_entry_poolview, serial_shops, shop, basic_altar,
          minmay_misc_feat_four_crosses
D:7:      grunt_temple_overflow_open
D:8:      kennysheep_six_static_rooms, uniq_grum, uniq_psyche
D:9:      uniq_erolcha
D:10:     minmay_lair_entry_grove, hangedman_tree_tricks
D:11:     david_orc_1_choice, minmay_orc_keep
D:12:     enter_bailey_3, enter_trove_3
D:13:     david_vaults_3, hangedman_decor_riveting, amalloy_card_club
D:14:     evilmike_diamond_1, minmay_misc_feat_alley
D:15:     gammafunk_depths_entry_grave, uniq_rupert
Temple:   nicolae_temple_x_marks_the_god_16
Lair:1:   uniq_sonja, uniq_gastronok
Lair:2:   grunt_megastairs_4, serial_bayou_shore_b, lemuel_fruit_tree,
          lemuel_fruit_fields, infiniplex_staircase_pool, lemuel_fruit_fields
Lair:3:   grunt_forest_small_clearings, lemuel_oklob_altar
Lair:4:   uniq_harold
Lair:5:   elwin_shoals_entry_stream, lab_entry_generic, minivault_19,
          infiniplex_staircase_pool_2
Lair:6:   nicolae_spider_entry_orb_guardian, kennysheep_snail_temple,
          serial_bayou_shore_a
Lair:8:   grunt_lair_end_beastmaster, slime_altar_1,
          portal_ice_cave_entry_ice_beasts, nicolae_quartered_pool_little,
          wad_woods_03, serial_bayou_shore_b
Shoals:2: nicolae_shoals_stone_sculpture_thing
Shoals:3: nicolae_shoals_siren_and_animal_friends
Shoals:4: shoals_end_grunt_ice, shoal_ilsuiw, serial_shops,
          nicolae_shop_waterfront
Spider:1: spider_trap, einodemon_crawler_minivault, uniq_josephine
Spider:2: uniq_kirke, uniq_asterion
Spider:4: spider_rune_water, nicolae_spider_cling_ruins, uniq_arachne,
          uniq_nikola
Slime:4:  basic_altar, dissolution_awaits
Slime:5:  nicolae_slime_phagocytosis
Orc:2:    st_orc_pillars
Elf:1:    eino_elf_arrival_altar, minmay_elf_necromancy, minmay_elf_annihilation
Elf:2:    st_stairs_3, glass_columns_a, minivault_19
Elf:3:    minmay_elf_hall_dome
Vaults:1: nicolae_vaults_diagonal_hallway_7, hangedman_vaults_slice,
          vaults_room_door_hall, vaults_dpeg_encased_lava,
          vaults_room_grunt_arrival_ludios, v_misc_8, v_misc_1,
          hangedman_vaults_hat, nicolae_vaults_little_squares_1, v_misc_26,
          ontoclasm_vaults_claustrophobia, nicolae_vaults_minivaults,
          vaults_room_pool
Vaults:2: hangedman_vaults_cutoff, v_misc_27, v_misc_13, v_misc_13,
          vaults_mumra_chevron_long, v_alt_pattern_2, vaults_dpeg_ring,
          minmay_crypt_entry_simple_statues, uniq_mennas
Vaults:3: vaults_mumra_lcd, vaults_room_stairs_pillars, hangedman_vaults_locks,
          hangedman_vaults_river_flow, v_misc_25,
          nicolae_vaults_windows_and_doors_thing, dpeg_vaults_monster_row,
          vaults_room_stairs_pillars, nicolae_vaults_three_branches,
          v_pattern_2, ontoclasm_vaults_loading_screen, st_lattice
Vaults:4: nicolae_vaults_little_squares_4, v_misc_1, grunt_vaults_focal,
          st_greater_box_1, nicolae_vaults_yaktaur_gun_rack, vaults_room_fours,
          v_misc_11, v_misc_14, hangedman_vaults_capsules,
          ontoclasm_vaults_ligature, ontoclasm_vaults_ring_square, v_misc_10,
          ontoclasm_vaults_ring_small, vaults_room_semicircle, uniq_jory
Depths:1: lemuel_round_altar, lightli_too_deep, pan_entry, spider_trap,
          hex_medium, hangedman_corner_corridor, uniq_saint_roka,
          uniq_enchantress
Depths:2: hourglass_vault, hell_entry, hangedman_abyss_entry_splay,
          minmay_misc_feat_tiny, hangedman_decor_peaks_small,
          lightli_giant_bouncers, infiniplex_staircase_spiral_double
Depths:3: cheibrodos_lost_city_excavation, enter_ziggurat_c, hell_entry,
          serial_shops, shop, rand_demon_pan_entry_9, corexii_corridor_pit,
          minmay_staircase_windowed_large, uniq_aizul
Depths:4: evilmike_pillar_path, rand_demon_pan_entry_5,
          marbit_kobold_abyss_entry, hell_entry, feat_on_display,
          infiniplex_staircase_star
Depths:5: grunt_zot_entry_gee_three, minmay_stone_trees_medium, hell_entry,
          grunt_megastairs_1, serial_bayou_shore_b
Zot:1:    grunt_twist_and_shout
Zot:2:    grunt_zot_stairs_mandelzot
Zot:3:    hangedman_zot_vaults_quadrants, st_large_dragon_hoard_2
Zig:4:    ziggurat_pillar_centre_c
Lab:      labyrinth_watery, nicolae_lab_diamond
Trove:    trove_misc_throne_room
Sewer:    sewer_co_tree
Bailey:   bailey_polearm_5, bailey
IceCv:    ice_cave_tombish

Vanquished Creatures
  the Royal Jelly Dissolution
  An ancient lich
  An orb of fire Mennas
  2 juggernauts
  The ghost of mrath the Impregnable, a veteran MiFi of Okawaru Saint Roka
  A Killer Klown
  3 curse toes
  4 large abominations
  9 golden dragons Jory the Enchantress Nikola
  A bone dragon Arachne
  A hellephant
  6 tentacled monstrosities Rupert
  An Ice Fiend Asterion
  2 titans
  2 liches
  17 acid blobs
  5 death cobs Gastronok
  A thorn hunter
  4 sphinxes Kirke
  3 shadow dragons
  3 draconian monks
  3 tengu reavers
  13 storm dragons
  A storm dragon (shapeshifter)
  5 azure jellies
  A greater naga Ilsuiw
  14 fire giants
  13 frost giants Donald Aizul
  A juggernaut zombie
  2 iron dragons
  2 deep elf sorcerers
  6 ghost moths
  A draconian knight
  6 emperor scorpions
  14 vault wardens
  2 draconian shifters
  2 draconian scorchers
  2 balrugs
  A cacodemon
  3 draconian zealots
  7 draconian annihilators
  8 ironheart preservers
  3 spriggan defenders
  15 very ugly things
  19 stone giants
  2 war gargoyles
  7 green draconians
  4 salamander stormcallers
  A reaper
  2 draconian callers
  2 vampire knights
  14 black draconians
  2 deep elf demonologists
  3 deep elf annihilators
  12 yellow draconians
  14 white draconians
  A dire elephant
  11 mottled draconians
  9 spark wasps
  11 purple draconians
  A small abomination
  8 red draconians
  2 deep elf death magi
  17 fire dragons
  3 merfolk javelineers
  A mummy priest
  18 yaktaur captains
  3 deep elf high priests
  15 ettins Josephine
  10 vault guards
  A minotaur
  15 merfolk impalers
  4 death oozes
  15 hydras
  13 ogre magi Harold
  6 great orbs of eyes
  4 rakshasas
  2 entropy weavers
  A hell beast Erolcha
  A ghost crab (shapeshifter)
  22 ice dragons
  2 spriggan air magi
  2 death knights
  7 merfolk avatars
  3 merfolk aquamancers
  8 centaur warriors
  2 catoblepae
  3 alligator snapping turtles
  24 death yaks
  6 deep troll earth magi
  6 orc high priests
  A titan zombie
  10 deep troll shamans
  4 tengu warriors
  2 alligators
  5 satyrs
  10 dancing weapons
  3 vampire magi
  14 deep elf knights
  A hell knight
  4 spriggan berserkers
  2 sun demons
  A wretched star
  A storm dragon zombie
  A fire crab Sonja
  A death scarab
  A fire crab (shapeshifter)
  3 unseen horrors
  2 iron trolls
  6 skeletal warriors
  2 flayed ghosts
  2 salamander mystics
  A spriggan druid
  A death drake (shapeshifter)
  12 sea snakes
  21 deep trolls
  A kraken simulacrum
  2 giant orange brains
  5 swamp dragons
  12 ironbrand convokers
  A shambling mangrove
  2 phantasmal warriors
  9 deep elf archers
  8 hill giants Pikel
  A lindwurm
  5 necromancers
  22 orc knights
  A putrid demonspawn
  4 wizards
  A wolf spider zombie
  A golden dragon skeleton
  23 orb spiders
  16 griffons
  18 harpies
  A sphinx zombie
  3 shining eyes
  5 orc sorcerers
  33 wolf spiders
  8 cyclopes
  61 deep elf magi
  An oklob plant
  9 salamanders
  A frost giant zombie
  9 manticores
  13 fauns
  2 centaur zombies
  An octopode (shapeshifter)
  25 moths of wrath
  12 elephants
  8 black mambas
  26 ugly things
  8 hornets
  2 ice statues
  16 vault sentinels Psyche
  5 water nymphs
  7 torpor snails
  A guardian serpent
  20 sirens
  20 spiny frogs
  An eye of devastation
  A yaktaur zombie
  55 yaktaurs
  3 rime drakes
  A redback zombie
  13 komodo dragons
  An efreet
  5 freezing wraiths
  3 kobold demonologists
  A rime drake (shapeshifter)
  9 ice devils
  2 hellwings
  An entropy weaver zombie
  8 trolls
  14 demonic crawlers
  A red devil
  A yaktaur skeleton
  A jumping spider (shapeshifter)
  28 merfolk
  2 trolls (shapeshifter)
  3 polar bears
  20 two-headed ogres
  A wind drake
  2 raiju (shapeshifter)
  A boulder beetle (shapeshifter)
  2 ettin zombies
  A raiju
  2 giant leeches
  33 jumping spiders
  19 blink frogs Grinder
  7 boulder beetles
  72 slime creatures
  10 snapping turtles
  An ice dragon skeleton
  91 redbacks
  A spriggan (shapeshifter)
  5 spriggans
  14 water elementals
  A ynoxinul
  2 air elementals
  2 shadows
  10 fire elementals
  5 wraiths
  59 yaks
  31 tarantellas Grum
  7 hogs
  16 humans
  A wyvern
  A golden eye
  12 vampire mosquitoes
  3 basilisks
  A yaktaur simulacrum
  A neqoxec
  2 steam dragons
  A hippogriff (shapeshifter)
  5 hungry ghosts
  The ghost of Stick the Chiller, an amateur DsIE
  11 wargs
  21 hippogriffs
  4 mottled dragons
  2 soldier ants
  2 giant eyeballs
  22 water moccasins
  A swamp drake
  69 orc warriors
  19 porcupines
  3 phantoms
  A slave
  12 ice beasts
  An ettin simulacrum
  An eye of draining (shapeshifter)
  3 sky beasts
  10 wasps
  4 black bears
  58 ogres
  8 eyes of draining
  A boggart
  A necrophage
  18 wolves
  31 centaurs
  28 crocodiles
  8 big kobolds
  A crocodile (shapeshifter)
  2 wyvern zombies
  4 elf zombies
  19 giant frogs
  An earth elemental
  An elf simulacrum
  A gnoll sergeant
  3 wyvern skeletons
  4 scorpions
  14 killer bees
  12 wights
  2 howler monkeys
  4 electric eels
  12 crimson imps
  2 giant frog zombies
  3 quasits
  2 draconian simulacra
  32 jellies
  35 orc priests
  7 hounds
  9 centaur skeletons
  30 orc wizards
  A giant frog skeleton
  12 iguanas
  15 worker ants
  2 hell rats
  2 spriggan simulacra
  2 troll simulacra
  A lightning spire
  25 sheep
  A killer bee zombie
  4 centaur simulacra
  A hound skeleton
  5 mummies
  14 gnolls
  A howler monkey skeleton
  A naga simulacrum
  20 adders
  75 river rats
  3 shadow imps
  A white imp
  5 oozes
  An adder zombie
  An adder skeleton
  9 worms
  A dart slug
  6 giant geckos
  160 orcs
  6 ball pythons
  7 bats
  6 giant cockroaches
  11 goblins
  8 hobgoblins
  9 jackals
  20 kobolds
  3 quokkas
  5 giant newts
  A quokka skeleton
  30 rats
  3 briar patches
  A bush
  3 crawling corpses
  16 fungi
  35 plants
  4 tentacles
  32 tentacle segments
  4 withered plants
2804 creatures vanquished.
